 Dungeon Sprint DCSS version 0.21-a0-227-g58a7c62 (webtiles) character file.

5290 Kidiri the Unseen (level 10, -7/53 HPs)
             Began as a Spriggan Enchanter on Aug 30, 2017.
             Was an Elder of Dithmenos.
             Mangled by a tentacle (21 damage)
             ... attached to a kraken
             ... in the Dungeon (Sprint II: "The Violet Keep of Menkaure").
             The game lasted 00:10:04 (1612 turns).

Kidiri the Unseen (Spriggan Enchanter)              Turns: 1612, Time: 00:10:06

Health: -7/53      AC:  1    Str:  4    XL:     10   Next: 37%
Magic:  27/36      EV: 30    Int: 19    God:    Dithmenos [****..]
Gold:   812        SH: 10    Dex: 18    Spells: 21/33 levels left

rFire    . . .     SeeInvis +   a - +1 dagger
rCold    . . .     Gourm    .   f - +3 warlock's mirror {reflect}
rNeg     . . .     Faith    .   b - +0 robe
rPois    .         Spirit   .   (helmet restricted)
rElec    .         Reflect  +   e - scarf {cloud immunity}
rCorr    .         Harm     .   (gloves unavailable)
MR       +....     NoTele   +   (boots unavailable)
Stlth    +++++++++.             (no amulet)
HPRegen  0.17/turn              t - ring of flight
MPRegen  0.25/turn              v - ring of magical power

@: wreathed by umbra, very quick
A: unfitting armour, see invisible, deformed body, herbivore 3, speed 3,
screaming 1, slow metabolism 2
a: Shadow Step, Renounce Religion, Evoke Flight


You were in the Dungeon.
You worshipped Dithmenos.
Dithmenos was greatly pleased with you.
You were not hungry.

You visited 1 branch You collected 1612 gold pieces.
You spent 800 gold pieces at shops.

Inventory:

Hand Weapons
 a - a +1 dagger (weapon)
Missiles
 h - a throwing net (quivered)
Armour
 b - a +0 robe (worn)
 e - a scarf of cloud immunity (worn)
 f - the +3 warlock's mirror (worn) {reflect}
   (You bought it in a shop in the Dungeon)
Jewellery
 t - a ring of flight (left hand)
 v - a ring of magical power (right hand)
Scrolls
 i - 3 scrolls of remove curse {unknown}
 j - 2 scrolls of blinking
 n - 4 scrolls of identify {unknown}
 o - a scroll of recharging {unknown}
 r - a scroll of magic mapping {unknown}
Potions
 g - a potion of haste
 k - 4 potions of resistance {unknown}
 l - 2 potions of degeneration {unknown}
 m - a potion of heal wounds
 p - 3 potions of magic
 q - a potion of berserk rage
 s - 3 potions of flight {unknown}
 u - 2 potions of curing
 x - a potion of lignification {unknown}
Books
 c - a book of Maledictions

   Spells                             Type                      Level
   a - Corona                         Hexes                        1
   b - Ensorcelled Hibernation        Hexes/Ice                    2
   c - Confuse                        Hexes                        3
   d - Tukima's Dance                 Hexes                        3
   e - Dazzling Spray                 Conjuration/Hexes            3
Comestibles
 d - 2 bread rations
 w - a fruit


   Skills:
 + Level 6.0 Fighting
 * Level 11.2 Short Blades
 + Level 5.5 Armour
 * Level 14.1 Dodging
 * Level 15.4 Stealth
 * Level 4.6 Shields
 * Level 12.1 Spellcasting
 + Level 9.5 Hexes
 + Level 4.1 Invocations


You had 21 spell levels left.
You knew the following spells:

 Your Spells              Type           Power        Failure   Level  Hunger
a - Corona                Hex            #####..      1%          1    None
b - Ensorcelled Hibernat  Hex/Ice        ####..       1%          2    None
c - Confuse               Hex            #####...     1%          3    None
d - Tukima's Dance        Hex            #####...     1%          3    None
e - Dazzling Spray        Conj/Hex       ####..       3%          3    None


Dungeon Overview and Level Annotations

Branches:
Dungeon (1/1)

Altars:
Cheibriados
Dithmenos
Elyvilon
Fedhas
Gozag
Hepliaklqana
Kikubaaqudgha
Makhleb
Nemelex Xobeh
Okawaru
Qazlal
Ru
Sif Muna
Trog
Uskayaw
Vehumet
Wu Jian
Xom
Yredelemnul
Zin
The Shining One
Beogh
Jiyva
Lugonu

Shops:
D ?!:=}[:!==*[*[%(

Annotations:
D exclusions: ice statue, oklob plant and swamp drake


Innate Abilities, Weirdness & Mutations

You are very small and have problems with some larger weapons.
You are too small for most types of armour.
You have supernaturally acute eyesight. (SInv)
You are a herbivore.
You cover ground extremely quickly.
You need consume almost no food.
Armour fits poorly on your strangely shaped body.
You occasionally shout uncontrollably at your foes.


Message History

Press: ? - help, Shift-Dir - straight line, f/p - kraken
Aim: a kraken (water, lightly wounded, umbra)
The spray of energy hits the tentacle.
The tentacle is moderately wounded.
The spray of energy hits the tentacle.
The tentacle is lightly wounded.
The tentacle is dazzled.
You block the tentacle's attack. x2
The tentacle barely misses you.
Unknown command.
You barely miss the tentacle.
The tentacle is lightly wounded.
The tentacle slaps you!!
You emit a cloud of dark smoke.
The tentacle completely misses you.
You hit the tentacle.
The tentacle is lightly wounded.
Your shadow hits the tentacle but does no damage.
The tentacle slaps you!
* * * LOW HITPOINT WARNING * * *
The tentacle slaps you!!
You die...

#.# k#)§▓....[..(▓▓
+.##.#[:▓((.[....▓▓
#...####▓[...(...▓▓
##..##.#▓...)..."▓▓
!+..#..#▓.[..[..%▓▓
$#^.#.)#▓...[.%[(▓▓
##..##.#▓....[..[▓▓
###...##▓▓▓▓▓▓▓+▓▓▓▓+▓
..≈≈≈≈≈≈≈≈≈≈≈≈≈§@wXw≈▓
.§≈#+########+###w§w≈▓
..≈#_._.....#§§≈##≈≈≈▓
§.≈#._._....#≈§§≈####▓▓
≈≈≈#_._._...#≈§§≈≈##..#
≈≈≈#._._._..#§§§§≈≈#..#
≈§≈#_._._._.#§§§§§§+..+
#≈≈#._._._._#§≈§§≈§#..#
#≈≈#.._._._.#≈§§≈≈§▓..#


You could see a kraken and 2 tentacles.

Vanquished Creatures
  2 deep trolls (D)
  3 manticores (D)
  A merfolk siren (D)
  A yaktaur (D)
  3 polar bears (D)
  A hornet (D)
  A blink frog (D)
  3 yaks (D)
  4 neqoxecs (D)
  Menkaure (D)
  4 necrophages (D)
  3 crocodiles (D)
  3 worms (D)
30 creatures vanquished.

Vanquished Creatures (others)
  A flying skull (D)
  A crocodile (D)
  16 tentacles (D)
18 creatures vanquished.

Grand Total: 48 creatures vanquished

Notes
Turn   | Place    | Note
-------+----------+-------------------------------------------
     0 | D        | Kidiri the Spriggan Enchanter began the quest for the Orb.
     0 | D        | Reached XP level 1. HP: 9/9 MP: 5/5
    10 | D        | Reached skill level 5 in Stealth
    10 | D        | Reached XP level 2. HP: 14/14 MP: 7/7
    24 | D        | Learned a level 2 spell: Ensorcelled Hibernation
    26 | D        | Noticed a neqoxec
    26 | D        | Noticed a neqoxec
    26 | D        | Noticed a neqoxec
    26 | D        | Noticed a neqoxec
    29 | D        | Noticed a necrophage
    29 | D        | Noticed a necrophage
    29 | D        | Noticed a necrophage
    29 | D        | Noticed a necrophage
    36 | D        | Killed a necrophage
    36 | D        | Reached skill level 1 in Fighting
    36 | D        | Reached skill level 1 in Armour
    36 | D        | Reached skill level 7 in Stealth
    36 | D        | Reached skill level 5 in Spellcasting
    36 | D        | Reached XP level 3. HP: 18/18 MP: 7/10
    36 | D        | Reached XP level 4. HP: 23/23 MP: 8/12
    45 | D        | Killed a necrophage
    45 | D        | Reached skill level 5 in Short Blades
    45 | D        | Reached skill level 8 in Stealth
    45 | D        | Reached skill level 5 in Hexes
    45 | D        | Reached XP level 5. HP: 27/27 MP: 8/14
    50 | D        | Killed a necrophage
    50 | D        | Reached skill level 9 in Stealth
    50 | D        | Reached XP level 6. HP: 32/32 MP: 9/16
   100 | D        | Reached skill level 10 in Stealth
   105 | D        | Learned a level 3 spell: Confuse
   109 | D        | Learned a level 3 spell: Tukima's Dance
   113 | D        | Learned a level 3 spell: Dazzling Spray
   184 | D        | Noticed a merfolk siren
   209 | D        | Killed a merfolk siren
   209 | D        | Reached skill level 10 in Dodging
   209 | D        | Reached skill level 11 in Stealth
   209 | D        | Reached XP level 7. HP: 13/37 MP: 7/20
   418 | D        | Killed a neqoxec
   420 | D        | Gained mutation: Armour fits poorly on your strangely shaped body. [a neqoxec]
   429 | D        | Killed a neqoxec
   440 | D        | Killed a neqoxec
   440 | D        | Reached skill level 12 in Stealth
   440 | D        | Reached XP level 8. HP: 5/42 MP: 14/22
   442 | D        | Gained mutation: You occasionally shout uncontrollably at your foes. [a neqoxec]
   507 | D        | Noticed an obsidian statue
   709 | D        | Noticed Menkaure
   710 | D        | Found Kuiji's Food Boutique.
   711 | D        | Killed Menkaure
   736 | D        | Found Nietuq's Antique Weapon Shop.
   737 | D        | Found Rukhirul's Antique Armour Boutique.
   738 | D        | Found Joufiseb's Antique Armour Shop.
   738 | D        | Found Voloibb's Assorted Antiques.
   739 | D        | Found Qielun's Jewellery Boutique.
   739 | D        | Found Zir Kosa's Assorted Antiques.
   740 | D        | Noticed a blink frog
   742 | D        | Killed a blink frog
   742 | D        | Reached skill level 10 in Spellcasting
   751 | D        | Found Ceog's Distillery.
   753 | D        | Found Hinul's Jewellery Shop.
   754 | D        | Found Haolyeta's Book Shop.
   754 | D        | Found Bypheges's Antique Armour Boutique.
   758 | D        | Noticed a polar bear
   759 | D        | Found Naqum's Gadget Shop.
   759 | D        | Found Aluymaihae's Jewellery Boutique.
   759 | D        | Noticed a polar bear
   759 | D        | Noticed an oklob plant
   760 | D        | Found Xiclexka's Distillery.
   760 | D        | Found Sunedgh's Magic Scroll Boutique.
   760 | D        | Found Loaga's Book Shoppe.
   763 | D        | Noticed a shining eye
   763 | D        | Noticed a shining eye
   767 | D        | Noticed a shining eye
   798 | D        | Bought the +3 warlock's mirror {reflect} for 800 gold pieces
   798 | D        | Found the +3 warlock's mirror {reflect}
   834 | D        | Found an iron altar of Okawaru.
   834 | D        | Found a radiant altar of Vehumet.
   834 | D        | Found a glowing silver altar of Zin.
   836 | D        | Found a sparkling altar of Nemelex Xobeh.
   836 | D        | Found a hide-covered altar of Uskayaw.
   837 | D        | Found an opulent altar of Gozag.
   837 | D        | Found a burning altar of Makhleb.
   837 | D        | Found a bloodstained altar of Trog.
   837 | D        | Found a basalt altar of Yredelemnul.
   838 | D        | Found a blossoming altar of Fedhas.
   838 | D        | Found a corrupted altar of Lugonu.
   838 | D        | Found a deep blue altar of Sif Muna.
   839 | D        | Found a white marble altar of Elyvilon.
   839 | D        | Found an ancient bone altar of Kikubaaqudgha.
   840 | D        | Found a shadowy altar of Dithmenos.
   840 | D        | Found a viscous altar of Jiyva.
   841 | D        | Found a snail-covered altar of Cheibriados.
   843 | D        | Found a roughly hewn altar of Beogh.
   843 | D        | Found a shimmering altar of Xom.
   843 | D        | Found a sacrificial altar of Ru.
   843 | D        | Found a hazy altar of Hepliaklqana.
   843 | D        | Noticed a hornet
   843 | D        | Noticed a polar bear
   844 | D        | Found a glowing golden altar of the Shining One.
   844 | D        | Found an ornate altar of the Wu Jian Council.
   844 | D        | Found a stormy altar of Qazlal.
   844 | D        | Noticed a yaktaur
   849 | D        | Became a worshipper of Dithmenos the Shadowed
   860 | D        | Noticed a polar bear
   868 | D        | Killed a polar bear
   868 | D        | Reached skill level 13 in Stealth
   868 | D        | Reached skill level 1 in Shields
   868 | D        | Reached skill level 1 in Invocations
   872 | D        | Noticed a polar bear
   876 | D        | Killed a polar bear
   878 | D        | Killed a hornet
   878 | D        | Reached * piety under Dithmenos
   878 | D        | Reached skill level 5 in Fighting
   878 | D        | Reached XP level 9. HP: 41/47 MP: 17/24
   882 | D        | Killed a yaktaur
   888 | D        | Killed a polar bear
   902 | D        | Noticed an iron elemental
   909 | D        | Reached ** piety under Dithmenos
   909 | D        | Reached skill level 10 in Short Blades
   909 | D        | Reached skill level 14 in Stealth
   928 | D        | Noticed a deep elf master archer
   974 | D        | Noticed a manticore
   974 | D        | Noticed a manticore
   974 | D        | Noticed a manticore
   976 | D        | Killed a manticore
   976 | D        | Reached skill level 5 in Armour
   977 | D        | Killed a manticore
   977 | D        | Reached *** piety under Dithmenos
   979 | D        | Killed a manticore
   979 | D        | Reached XP level 10. HP: 53/53 MP: 26/26
   996 | D        | Noticed a death drake
  1007 | D        | Noticed a kraken
  1309 | D        | Reached **** piety under Dithmenos
  1354 | D        | Noticed a deep troll
  1356 | D        | Noticed a deep troll
  1361 | D        | Killed a deep troll
  1361 | D        | Reached skill level 15 in Stealth
  1365 | D        | Killed a deep troll
  1402 | D        | Noticed an ice statue
  1461 | D        | Found the +7 great mace "Undeadhunter" {disrupt, rN+}
  1612 | D        | Mangled by a tentacle

Vault maps used:
D:        the_violet_keep_of_menkaure

Skill      XL: |  1  2  3  4  5  6  7  8  9 10 |
---------------+-------------------------------+-----
Spellcasting   | 3 5 6 8 9 10 11 12 | 12.1
Short Blades   | 2 4 5 7 8 9 10 11 | 11.2
Dodging        | 4 6 7 8 10 11 12 13 14 | 14.1
Stealth        | 5 7 8 9 11 12 13 14 15 | 15.4
Fighting       | 1 2 3 4 5 6 |  6.0
Armour         | 1 2 3 4 5 |  5.5
Hexes          | 4 5 6 7 8 9 |  9.5
Shields        | 1 3 4 |  4.6
Invocations    | 1 3 4 |  4.1

Action                   |  1- 3 |  4- 6 |  7- 9 | 10-12 || total
-------------------------+-------+-------+-------+-------++-------
Melee: Dagger            |     9 |    57 |    42 |    17 ||   125
 Cast: Corona            |       |    11 |       |       ||    11
       Confuse           |       |     6 |     3 |     4 ||    13
       Dazzling Spray    |       |     3 |     5 |     3 ||    11
       Ensorcelled Hiber |       |     1 |     9 |    15 ||    25
 Abil: Evoke Flight      |       |       |       |     1 ||     1
  Use: Potion            |     1 |     3 |     1 |       ||     5
 Stab: Sleeping          |     3 |       |    11 |     5 ||    19
       Invisible         |       |     2 |     3 |       ||     5
       Confused          |       |       |     4 |       ||     4
Armor: Robe              |     1 |     1 |       |       ||     2
Dodge: Dodged            |     2 |    54 |    18 |    20 ||    94
Block: Buckler           |       |       |     5 |    10 ||    15
       Reflection        |       |       |     1 |       ||     1

Table legend:
 A = Spawn XP
 B = Non-spawn XP
 C = Spawn XP percentage of total XP
 D = Spawn monster count
 E = Non-spawn monster count
 F = Spawn count percentage of total count
 G = Total turns spent on level
                    A         B        C        D         E        F      G
               +---------+---------+-------+---------+---------+-------+---------
         Total |       0 |    7558 |   0.0 |       0 |      30 |   0.0 |  1612
               +---------+---------+-------+---------+---------+-------+---------
             D |       0 |    7558 |   0.0 |       0 |      30 |   0.0 |  1612
               +---------+---------+-------+---------+---------+-------+---------
